 Dungeon Crawl Stone Soup version 0.31-a0-816-gd61d57ddb1 (webtiles) character file.

Game seed: 10227128622190532481

3449 KimchiStew the Grappler (level 9, -7/89 HPs)
             Began as a Troll Shapeshifter on Sept 22, 2023.
             Was a Follower of Wu Jian.
             Mangled by a +7 bardiche "Giant's Toothpick" {spect, Str+3 Int+3} (24 damage)
             ... created by Erica
             ... on level 8 of the Dungeon.
             The game lasted 00:08:14 (6664 turns).

KimchiStew the Grappler (Troll Shapeshifter)        Turns: 6664, Time: 00:08:14

Health: -7/89      AC:  5    Str: 26    XL:     9   Next: 78%
Magic:  8/8        EV: 10    Int:  8    God:    Wu Jian [*.....]
Gold:   217        SH:  0    Dex: 15    Spells: 8/8 levels left

rFire   . .          .
                       - Unarmed
rCold   . . .        (shield currently unavailable)
rNeg    . . .        a - +0 animal skin
rPois   .            (helmet restricted)
rElec   .            v - +0 cloak {Will+}
rCorr   .            (gloves unavailable)
SInv    .            (boots unavailable)
Will    ++...        (no amulet)
Stlth   +            f - +6 ring of dexterity
HPRegen 1.14/turn    u - ring of willpower
MPRegen 0.11/turn

%: no passive effects
@: mighty, lethally poisoned (-7 -> -8), flux-form, glowing
A: glow, contaminating, large, unfitting armour, claws 3, regeneration 1, shaggy
fur 1, tough skin 1
a: Begin Untransformation, Renounce Religion


You were on level 8 of the Dungeon.
You worshipped Wu Jian.
Wu Jian was aware of your devotion.
You were something dangerously unstable.
You visited 2 branches of the dungeon, and saw 9 of its levels.

You collected 331 gold pieces.
You spent 114 gold pieces at shops.

Inventory:

Hand Weapons
 l - a +2 flail of draining
Missiles
 n - 7 poisoned darts (quivered)
 x - a curare-tipped dart
Armour
 a - a +0 animal skin (worn)
 v - a +0 cloak of willpower (worn)
Magical Staves
 e - a staff of air
Jewellery
 f - a +6 ring of dexterity (left claw)
 u - a ring of willpower (right claw)
Talismans
 d - a flux talisman (active)
Wands
 b - a wand of flame (16)
 g - a wand of paralysis (8)
 m - a wand of polymorph (11)
Scrolls
 h - 2 scrolls of teleportation
 t - 2 scrolls of revelation
 w - a scroll of noise
 y - a scroll of enchant weapon
Potions
 c - 2 potions of attraction {unknown}
 i - a potion of magic {unknown}
 j - 3 potions of mutation
 k - a potion of invisibility {unknown}
 o - 3 potions of might
 p - a potion of cancellation {unknown}
 q - a potion of haste {unknown}
 s - a potion of berserk rage {unknown}
 z - a potion of curing


   Skills:
 + Level 5.9 Fighting
 - Level 1.5 Dodging
 * Level 10.4 Unarmed Combat
 - Level 7.0 Shapeshifting


You had 8 spell levels left.
You didn't know any spells.
Your spell library contained the following spells:

 Spells                   Type           Power      Damage    Failure   Level
 Sandblast                Erth           0%         2d4       41%         1
 Ensorcelled Hibernation  Hex/Ice        0%         N/A       54%         2
 Jinxbite                 Hex            0%         N/A       54%         2
 Passwall                 Tmut/Erth      0%         N/A       54%         2
 Stone Arrow              Conj/Erth      0%         3d7       78%         3
 Summon Guardian Golem    Hex/Summ       0%         N/A       78%         3
 Anguish                  Hex/Necr       0%         N/A       99%         4
 Brom's Barrelling Bould  Conj/Erth      0%         2d3       99%         4
 Orb of Destruction       Conj           0%         9d5       100%        7
 Spellforged Servitor     Conj/Summ      0%         N/A       100%        7


Dungeon Overview and Level Annotations

Branches:
Dungeon (8/15)             Temple (1/1) D:6
   Lair: D:8-11

Altars:
Ashenzari
Cheibriados
Dithmenos
Elyvilon
Fedhas
Gozag
Hepliaklqana
Kikubaaqudgha
Makhleb
Nemelex Xobeh
Okawaru
Qazlal
Ru
Sif Muna
Trog
Uskayaw
Vehumet
Wu Jian
Xom
Yredelemnul
The Shining One

Shops:
D:5 *

Annotations:
D:8 Erica


Innate Abilities, Weirdness & Mutations

You are something dangerously unstable.
You glow with magical radiation, making you easy to see and hit.
Foes you strike become dangerously contaminated with magical radiation.
You are incapable of wielding weapons or throwing items.
You are too large for most types of armour.
You have claws for hands.
Your natural rate of healing is unusually fast.
You are covered in fur. (AC +1)
You have tough skin. (AC +1)


Message History

You mangle the gargoyle!!
The gargoyle begins to glow.
The gargoyle is severely damaged.
The gargoyle barely misses you.
You claw the gargoyle!
You destroy the gargoyle!
The Council accepts your kill.
You see here a +0 morningstar.
Erica the Fiery-Tempered comes into view.
She is wielding the +7 bardiche "Giant's Toothpick" {spect, Str+3 Int+3}.
You feel very mighty all of a sudden.
Erica shouts!
You hear two shouts!
Erica casts a spell at you. The bolt of poison hits you!
You are poisoned.
You take 10 damage, and have 76/89 hp.
Unknown command.
Unknown command.
Unknown command.
You feel very sick.
You take 2 damage, and have 74/89 hp.
You start resting.
You feel very sick.
You feel sick. x3
Erica is nearby!
You take 3 damage, and have 71/89 hp.
You completely miss Erica.
You feel sick.
Erica hits you with the +7 bardiche "Giant's Toothpick" {spect, Str+3 Int+3}.
The +7 bardiche "Giant's Toothpick" {spect, Str+3 Int+3} closely misses you.
A +7 bardiche "Giant's Toothpick" {spect, Str+3 Int+3} comes into view.
You take 1 damage, and have 70/89 hp.
You scratch Erica.
Erica begins to glow.
Erica is lightly wounded.
Erica barely misses you.
The +7 bardiche "Giant's Toothpick" {spect, Str+3 Int+3} hits you!!
The +7 bardiche "Giant's Toothpick" {spect, Str+3 Int+3} closely misses you.
You take 30 damage, and have 40/89 hp.
You feel sick.
Erica hits you from afar with the +7 bardiche "Giant's Toothpick" {spect, Str+3 Int+3}!!
* * * LOW HITPOINT WARNING * * *
The +7 bardiche "Giant's Toothpick" {spect, Str+3 Int+3} hits you!!
You die...

###### #.#######....#
#............#
#####.#####..#
#...†)†...#..####
#p####).#.#.....#
#(........#.###.##
###@.######.# #.##
..@......)......###...
#.########..###.......
....#.....#.
##.#....### #....
#....


You could see Erica (contam) and a +7 bardiche "Giant's Toothpick" {spect, Str+3
Int+3}.

Vanquished Creatures
  Pikel (D:7)
  A gargoyle (D:8)
  Eustachio (D:4)
  Edmund (D:4)
  Menkaure (D:7)
  3 water moccasins
  4 ice beasts
  A black bear (D:8)
  An ogre (D:4)
  A centaur (D:5)
  2 phantoms
  A kobold brigand (D:7)
  A bullfrog (D:6)
  2 scorpions
  3 howler monkeys (D:7)
  A jelly (D:5)
  3 orc priests
  7 hounds
  Crazy Yiuf (D:7)
  3 iguanas (D:6)
  3 orc wizards
  3 gnolls (D:6)
  11 adders
  3 shadow imps
  2 worms
  2 dart slugs (D:4)
  17 orcs
  10 ball pythons
  8 bats
  17 endoplasms
  A giant cockroach (D:2)
  9 goblins
  9 hobgoblins
  9 jackals
  18 kobolds
  7 quokkas
  6 frilled lizards
  3 rats
177 creatures vanquished.

Vanquished Creatures (collateral kills)
  An ogre (D:6)
1 creature vanquished.

Vanquished Creatures (others)
  A goblin (D:4)
  A kobold (D:4)
2 creatures vanquished.

Grand Total: 180 creatures vanquished

Notes
Turn   | Place    | Note
-------+----------+-------------------------------------------
     0 | D:1      | KimchiStew the Troll Shapeshifter began the quest for the
                  | Orb.
     0 | D:1      | Reached XP level 1. HP: 18/18 MP: 0/0
   130 | D:1      | Found a faded altar of an unknown god.
   143 | D:1      | Reached XP level 2. HP: 26/26 MP: 1/1
   395 | D:1      | Reached XP level 3. HP: 30/32 MP: 2/2
   922 | D:2      | Reached XP level 4. HP: 39/40 MP: 3/3
  1194 | D:2      | Found a hide-covered altar of Uskayaw.
  1362 | D:2      | Reached skill level 5 in Shapeshifting
  1877 | D:3      | Found an opulent altar of Gozag.
  2078 | D:3      | Reached XP level 5. HP: 45/46 MP: 4/4
  2100 | D:4      | Noticed a phantom
  2104 | D:4      | Killed a phantom
  2368 | D:4      | Found a glowing golden altar of the Shining One.
  2383 | D:4      | Reached XP level 6. HP: 47/54 MP: 5/5
  2539 | D:4      | Noticed Edmund
  2566 | D:4      | Killed Edmund
  2567 | D:4      | Reached skill level 1 in Fighting
  2701 | D:4      | Noticed Eustachio
  2905 | D:4      | Killed Eustachio
  2906 | D:4      | Reached skill level 4 in Unarmed Combat
  2906 | D:4      | Reached XP level 7. HP: 52/63 MP: 6/6
  2925 | D:4      | Found a shimmering altar of Xom.
  3717 | D:5      | Entered Level 5 of the Dungeon
  3758 | D:5      | Reached skill level 5 in Unarmed Combat
  3791 | D:5      | Found a stormy altar of Qazlal.
  4146 | D:5      | Found Zapek's General Store.
  4161 | D:5      | Bought a scroll of summoning for 114 gold pieces
  4195 | D:5      | Reached XP level 8. HP: 74/74 MP: 7/7
  4228 | D:5      | Reached skill level 6 in Unarmed Combat
  4398 | D:5      | Found a broken altar of Ashenzari.
  4548 | D:5      | Found an iron altar of Okawaru.
  4548 | D:5      | Found a blossoming altar of Fedhas.
  4771 | D:6      | Reached skill level 7 in Unarmed Combat
  5298 | D:6      | Found a burning altar of Makhleb.
  5461 | D:6      | Found a snail-covered altar of Cheibriados.
  5468 | D:6      | Found a staircase to the Ecumenical Temple.
  5522 | Temple   | Entered the Ecumenical Temple
  5537 | Temple   | Became a worshipper of the Wu Jian Council
  5562 | D:7      | Noticed Pikel
  5576 | D:7      | Killed Pikel
  5577 | D:7      | Reached skill level 8 in Unarmed Combat
  5577 | D:7      | Reached XP level 9. HP: 58/87 MP: 8/8
  5791 | D:7      | Reached skill level 9 in Unarmed Combat
  5803 | D:7      | Reached skill level 5 in Fighting
  5805 | D:7      | Noticed Menkaure
  5808 | D:7      | Killed Menkaure
  5966 | D:7      | Found a runed translucent door.
  5967 | D:7      | Noticed Crazy Yiuf
  6408 | D:7      | Killed Crazy Yiuf
  6615 | D:8      | Reached skill level 10 in Unarmed Combat
  6633 | D:8      | Noticed a gargoyle
  6636 | D:8      | Reached * piety under Wu Jian
  6644 | D:8      | Killed a gargoyle
  6655 | D:8      | Identified the +7 bardiche "Giant's Toothpick" {spect,
                  | Str+3 Int+3}
  6655 | D:8      | Noticed Erica
  6664 | D:8      | Mangled by a +7 bardiche "Giant's Toothpick" {spect, Str+3
                  | Int+3}

Illustrated notes

Levels and vault maps discovered:
D:1:      arrival_zaba_pyramid, layout_basic,
          shapermc_ecumenical_altar_mp_highgroup
D:2:      minmay_chambers_of_twos, layout_loops_ring, basic_altar,
          minmay_tiny_reverse_x
D:3:      layout_basic, nicolae_gozag_cash_rules_everything_around_me,
          corexii_corridor_pit
D:4:      layout_layer_cave, tso_metal_star, xom_confusion_cloud,
          uniq_eustachio, uniq_edmund
D:5:      layout_loops_ring, minitemple, nicolae_qazlal_scattered_showers,
          marbit_many_paths, serial_shops, nicolae_shop_tiny_glass,
          corexii_corridor_pit
D:6:      layout_cave_pools, lemuel_round_altar, mainiacjoe_overflow_brackets,
          minmay_temple_entry_drinking_statues
D:7:      layout_loops_cross, uniq_pikel, uniq_menkaure, uniq_crazy_yiuf_cottage
D:8:      minmay_the_grid_plus [minmay_the_grid_rooms,
          minmay_the_grid_pillar_ring, minmay_the_grid_plusring,
          minmay_the_grid_broken_lines, minmay_the_grid_prize_trominoes],
          layout_layer_cave, uniq_amaemon, uniq_joseph, uniq_erica, uniq_maurice
Temple:   nicolae_temple_ecumenical_triangle

Skill      XL: |  1  2  3  4  5  6  7  8  9 |
---------------+----------------------------+-----
Shapeshifting  | 4 5 6 7 |  7.0
Fighting       | 1 2 4 5 |  5.9
Unarmed Combat | 4 5 8 10 | 10.4
Dodging        | |  1.5

Action                     |  1- 3 |  4- 6 |  7- 9 || total
---------------------------+-------+-------+-------++-------
  Melee: Unarmed           |    86 |   202 |   235 ||   523
         Punch             |     3 |     4 |     1 ||     8
  Throw: Dart              |       |       |     6 ||     6
Ability: Lunge             |       |       |     5 ||     5
    Use: Scroll            |     5 |     3 |     9 ||    17
         Potion            |       |     1 |     7 ||     8
   Stab: Sleeping          |       |     2 |       ||     2
 Armour: Animal skin       |    52 |   146 |   171 ||   369
         Skin              |       |    12 |    17 ||    29
  Dodge: Dodged            |    37 |    95 |   113 ||   245
         Form:             |     1 |       |       ||     1
         Flux              |       |       |     1 ||     1

Table legend: (Time is in decaauts)
 A = Elapsed time spent in this place.
 B = Non-inter-level travel time spent in this place.
 C = Inter-level travel time spent in this place.
 D = Time resting spent in this place.
 E = Time spent auto-exploring this place.
 F = Levels seen in this place.
 G = Mean time per level.
                   A        B        C        D        E       F      G
               +--------+--------+--------+--------+--------+-----+--------+
         Total |   6617 |   6242 |    375 |    849 |   4151 |   9 |  735.2 |
       Dungeon |   6595 |   6220 |    375 |    849 |   4151 |   8 |  824.4 |
        Temple |     22 |     22 |      0 |      0 |      0 |   1 |   22.0 |
               +--------+--------+--------+--------+--------+-----+--------+

Top non-repeatable levels by time:
     D:4: 1509 daAuts
     D:5: 952 daAuts
     D:7: 904 daAuts
     D:6: 840 daAuts
     D:2: 757 daAuts
     D:3: 720 daAuts
     D:1: 715 daAuts
     D:8: 195 daAuts
  Temple: 22 daAuts
